[ AOE2 MATCH · #459299440 ]
Team RMBritons vs Mongols
[ REPLAY ANALYSIS · EXTRACTED FROM THE RECORDED GAME ]
Feudal
11:24
Castle
24:50
Imperial
—
| APM avg | 25.7 |
| APM peak | 129 |
| eAPM avg | 12.3 |
| Villagers / military | 87 / 35 |
Focus
⚔️ 20.4% · 🌾 79.6%
Spearman ×18 · Skirmisher ×16 · Trade Cart ×3 · Monk ×1
Feudal
9:59
Castle
24:51
Imperial
—
| APM avg | 30.0 |
| APM peak | 67 |
| eAPM avg | 14.0 |
| Villagers / military | 67 / 33 |
Focus
⚔️ 16.9% · 🌾 83.1%
Scout Cavalry ×23 · Knight ×6 · Scorpion ×4
Feudal
18:43
Castle
24:30
Imperial
—
| APM avg | 9.0 |
| APM peak | 22 |
| eAPM avg | 8.5 |
| Villagers / military | 126 / 6 |
Focus
⚔️ 8.5% · 🌾 91.5%
Coustillier ×6
Feudal
11:25
Castle
23:27
Imperial
—
| APM avg | 16.6 |
| APM peak | 44 |
| eAPM avg | 10.1 |
| Villagers / military | 64 / 38 |
Focus
⚔️ 25.6% · 🌾 74.4%
Mangudai ×30 · Trade Cart ×6 · Spearman ×5 · Monk ×3
Match map
Initial resources + every placement click. Lines = walls · curves = elevation contours. ◆ gold · ⬟ stone · ● berries · ✦ relic · ◌ wall gap
Your base· Open — unwalled flank
Tahmaras0's base· Open — 5t gap
aleximatiass5's base· Open — unwalled flank
brhm06's base· Open — unwalled flank
Smoothed initial terrain · ◌ = detected wall gap · hover for details
Inputs per minute
— lermizade1461 - - Tahmaras0
Build order — lermizade1461
First 150 of 178 actions detected
| 0:21 | Create | Villager (Male) ×4 |
| 0:22 | Create | Villager (Male) ×4 |
| 0:42 | Build | House |
| 0:48 | Build | House |
| 2:09 | Create | Villager (Male) |
| 2:10 | Create | Villager (Male) |
| 2:42 | Create | Villager (Male) |
| 2:42 | Create | Villager (Male) |
| 2:43 | Create | Villager (Male) |
| 4:21 | Create | Villager (Male) |
| 4:21 | Create | Villager (Male) |
| 4:22 | Create | Villager (Male) |
| 4:22 | Create | Villager (Male) |
| 4:22 | Create | Villager (Male) |
| 4:22 | Create | Villager (Male) |
| 4:47 | Create | Villager (Male) |
| 5:45 | Create | Villager (Male) |
| 5:45 | Create | Villager (Male) |
| 5:45 | Create | Villager (Male) |
| 5:45 | Create | Villager (Male) |
| 5:58 | Create | Villager (Male) |
| 6:00 | Research | Loom |
| 6:11 | Build | House |
| 8:24 | Build | Mill |
| 8:38 | Build | Lumber Camp |
| 9:14 | Research | Feudal Age |
| 9:50 | Build | Lumber Camp |
| 11:24 | Age | Feudal Age |
| 11:37 | Research | Double-Bit Axe |
| 11:43 | Research | Horse Collar |
| 11:47 | Research | Wheelbarrow |
| 11:50 | Create | Villager (Male) |
| 11:50 | Create | Villager (Male) |
| 11:50 | Create | Villager (Male) |
| 11:50 | Create | Villager (Male) |
| 12:30 | Build | Palisade Wall |
| 12:53 | Build | Palisade Wall |
| 12:57 | Build | Palisade Wall |
| 13:10 | Build | Farm |
| 13:14 | Build | Farm |
| 13:18 | Build | Farm |
| 13:26 | Create | Villager (Male) |
| 13:26 | Create | Villager (Male) |
| 13:28 | Create | Villager (Male) |
| 13:30 | Create | Villager (Male) |
| 13:35 | Build | Farm |
| 14:00 | Build | Mining Camp |
| 14:25 | Build | House |
| 14:28 | Build | House |
| 15:16 | Build | Palisade Wall |
| 15:36 | Build | Palisade Gate |
| 15:47 | Build | Farm |
| 15:52 | Build | Farm |
| 16:08 | Build | Farm |
| 16:50 | Build | Palisade Wall |
| 16:58 | Research | Gold Mining |
| 17:07 | Build | Farm |
| 18:32 | Build | Palisade Wall |
| 19:09 | Create | Villager (Male) |
| 19:09 | Create | Villager (Male) |
| 19:09 | Create | Villager (Male) |
| 19:09 | Create | Villager (Male) |
| 19:10 | Create | Villager (Male) |
| 19:10 | Create | Villager (Male) |
| 19:10 | Create | Villager (Male) |
| 19:10 | Create | Villager (Male) |
| 19:11 | Create | Villager (Male) |
| 19:25 | Build | Barracks |
| 19:40 | Build | Market |
| 20:14 | Build | House |
| 20:19 | Build | House |
| 20:50 | Create | Spearman |
| 20:56 | Build | Archery Range |
| 21:34 | Build | Mining Camp |
| 21:43 | Create | Spearman |
| 21:43 | Create | Spearman |
| 21:50 | Research | Stone Mining |
| 22:04 | Research | Castle Age |
| 22:47 | Create | Skirmisher |
| 22:48 | Create | Skirmisher |
| 22:48 | Create | Skirmisher |
| 23:12 | Create | Skirmisher |
| 23:27 | Create | Trade Cart |
| 24:50 | Age | Castle Age |
| 25:00 | Build | Palisade Gate |
| 25:09 | Build | Town Center |
| 25:11 | Build | Town Center |
| 25:17 | Research | Hand Cart |
| 25:21 | Create | Villager (Male) |
| 25:21 | Create | Villager (Male) |
| 25:22 | Create | Villager (Male) |
| 25:22 | Create | Villager (Male) |
| 25:22 | Create | Villager (Male) |
| 26:20 | Create | Trade Cart |
| 26:31 | Build | House |
| 26:32 | Build | House |
| 26:33 | Build | House |
| 26:35 | Build | House |
| 26:45 | Create | Villager (Male) ×5 |
| 26:58 | Build | Palisade Gate |
| 27:21 | Create | Spearman |
| 27:22 | Create | Spearman |
| 27:22 | Create | Spearman |
| 27:29 | Create | Skirmisher |
| 27:29 | Create | Skirmisher |
| 27:29 | Create | Skirmisher |
| 27:29 | Create | Skirmisher |
| 27:52 | Build | Farm |
| 28:24 | Build | Farm |
| 28:25 | Build | Farm |
| 28:27 | Build | Farm |
| 28:51 | Build | Farm |
| 28:53 | Create | Spearman |
| 28:53 | Create | Spearman |
| 28:54 | Create | Spearman |
| 28:54 | Create | Spearman |
| 29:16 | Build | Palisade Wall |
| 29:33 | Create | Villager (Male) |
| 29:34 | Create | Villager (Male) |
| 29:34 | Create | Villager (Male) |
| 29:34 | Create | Villager (Male) |
| 29:35 | Create | Villager (Male) |
| 29:39 | Create | Villager (Male) |
| 29:40 | Create | Villager (Male) |
| 29:40 | Create | Villager (Male) |
| 29:51 | Build | Farm |
| 29:55 | Build | Farm |
| 30:00 | Build | Farm |
| 30:04 | Build | Farm |
| 30:08 | Build | Farm |
| 30:20 | Build | Farm |
| 30:24 | Build | Farm |
| 30:29 | Build | Farm |
| 30:39 | Build | Monastery |
| 30:47 | Build | University |
| 30:49 | Build | House |
| 30:50 | Build | House |
| 31:02 | Create | Spearman |
| 31:03 | Create | Spearman |
| 31:03 | Create | Spearman |
| 31:07 | Create | Skirmisher |
| 31:07 | Create | Skirmisher |
| 31:08 | Create | Skirmisher |
| 31:16 | Create | Villager (Male) |
| 31:16 | Create | Villager (Male) |
| 31:16 | Create | Villager (Male) |
| 31:21 | Create | Villager (Male) |
| 31:21 | Create | Villager (Male) |
| 31:21 | Create | Villager (Male) |
| 31:21 | Create | Villager (Male) |
Build order — Tahmaras0
First 150 of 156 actions detected
| 0:03 | Build | House |
| 0:04 | Build | House |
| 0:07 | Build | House |
| 0:07 | Create | Villager (Male) |
| 0:07 | Create | Villager (Male) |
| 0:08 | Create | Villager (Male) |
| 0:08 | Create | Villager (Male) |
| 0:08 | Create | Villager (Male) |
| 1:58 | Build | Mill |
| 2:00 | Create | Villager (Male) |
| 2:00 | Create | Villager (Male) |
| 2:58 | Create | Villager (Male) |
| 2:59 | Create | Villager (Male) |
| 2:59 | Create | Villager (Male) |
| 3:53 | Create | Villager (Male) |
| 4:23 | Create | Villager (Male) |
| 4:24 | Create | Villager (Male) |
| 5:05 | Create | Villager (Male) |
| 6:50 | Create | Villager (Male) |
| 6:50 | Create | Villager (Male) |
| 6:50 | Create | Villager (Male) |
| 6:52 | Create | Villager (Male) |
| 7:24 | Research | Loom |
| 7:42 | Research | Feudal Age |
| 8:06 | Build | Barracks |
| 9:43 | Build | House |
| 9:44 | Build | House |
| 9:45 | Build | House |
| 9:59 | Age | Feudal Age |
| 10:07 | Build | Stable |
| 10:19 | Build | Palisade Wall |
| 10:26 | Build | Palisade Wall |
| 10:38 | Build | Palisade Gate |
| 10:57 | Research | Double-Bit Axe |
| 11:04 | Create | Villager (Male) ×5 |
| 11:23 | Build | Palisade Wall |
| 11:26 | Build | Palisade Wall |
| 11:31 | Build | Palisade Wall |
| 11:58 | Create | Scout Cavalry |
| 11:58 | Create | Scout Cavalry |
| 11:58 | Create | Scout Cavalry |
| 11:58 | Create | Scout Cavalry |
| 11:59 | Create | Scout Cavalry |
| 12:25 | Build | Farm |
| 12:43 | Build | Farm |
| 13:15 | Build | Mule Cart |
| 13:53 | Research | Gold Mining |
| 13:57 | Research | Horse Collar |
| 14:00 | Create | Villager (Male) |
| 14:00 | Create | Villager (Male) |
| 14:00 | Create | Villager (Male) |
| 14:25 | Create | Villager (Male) |
| 14:25 | Create | Villager (Male) |
| 14:28 | Build | Farm |
| 14:34 | Build | Farm |
| 14:45 | Build | Farm |
| 15:01 | Create | Villager (Male) ×3 |
| 16:36 | Create | Scout Cavalry |
| 16:36 | Create | Scout Cavalry |
| 16:36 | Create | Scout Cavalry |
| 16:37 | Create | Scout Cavalry |
| 16:37 | Create | Scout Cavalry |
| 17:24 | Create | Villager (Male) |
| 17:24 | Create | Villager (Male) |
| 17:24 | Create | Villager (Male) |
| 17:25 | Create | Villager (Male) |
| 17:52 | Build | Farm |
| 18:04 | Build | Farm |
| 18:17 | Build | Farm |
| 18:34 | Build | Market |
| 18:47 | Build | Blacksmith |
| 18:55 | Research | Bloodlines |
| 19:02 | Build | Farm |
| 19:04 | Create | Villager (Male) |
| 19:05 | Create | Villager (Male) |
| 19:05 | Create | Villager (Male) |
| 19:14 | Build | House |
| 19:15 | Build | House |
| 19:16 | Build | House |
| 19:18 | Build | House |
| 19:46 | Research | Wheelbarrow |
| 20:27 | Build | Farm |
| 20:29 | Build | Farm |
| 21:06 | Build | Farm |
| 21:08 | Build | Farm |
| 22:01 | Research | Castle Age |
| 22:51 | Research | Scale Barding Armor |
| 22:52 | Research | Forging |
| 24:07 | Create | Scout Cavalry |
| 24:07 | Create | Scout Cavalry |
| 24:07 | Create | Scout Cavalry |
| 24:07 | Create | Scout Cavalry |
| 24:08 | Create | Scout Cavalry |
| 24:21 | Create | Villager (Male) |
| 24:21 | Create | Villager (Male) |
| 24:21 | Create | Villager (Male) |
| 24:35 | Build | Mule Cart |
| 24:51 | Age | Castle Age |
| 25:00 | Build | Town Center |
| 25:29 | Build | Farm |
| 25:44 | Research | Light Cavalry (upgrade) |
| 25:46 | Research | Husbandry |
| 25:52 | Create | Knight |
| 25:54 | Create | Knight |
| 26:07 | Build | Stable |
| 26:14 | Build | Stable |
| 26:30 | Build | Stable |
| 26:42 | Build | Farm |
| 26:47 | Create | Villager (Male) ×5 |
| 27:25 | Build | Mule Cart |
| 27:50 | Build | Siege Workshop |
| 27:59 | Research | Hand Cart |
| 28:12 | Research | Bow Saw |
| 28:17 | Create | Villager (Male) |
| 28:44 | Build | Farm |
| 28:44 | Build | Farm |
| 28:51 | Build | Farm |
| 28:52 | Build | Farm |
| 28:59 | Create | Scorpion |
| 29:00 | Create | Scorpion |
| 29:01 | Create | Scorpion |
| 29:11 | Research | Iron Casting |
| 29:34 | Research | Chain Barding Armor |
| 29:38 | Create | Knight |
| 29:40 | Create | Knight |
| 29:56 | Create | Villager (Male) |
| 30:04 | Create | Villager (Male) |
| 30:05 | Create | Villager (Male) |
| 30:15 | Create | Scorpion |
| 30:23 | Create | Knight |
| 30:25 | Create | Knight |
| 30:27 | Create | Scout Cavalry |
| 30:35 | Build | Farm |
| 30:42 | Build | House |
| 30:43 | Build | House |
| 30:45 | Build | House |
| 30:46 | Build | House |
| 31:00 | Build | Farm |
| 31:18 | Create | Scout Cavalry |
| 31:19 | Create | Scout Cavalry |
| 31:19 | Create | Scout Cavalry |
| 31:19 | Create | Scout Cavalry |
| 31:20 | Create | Scout Cavalry |
| 31:22 | Create | Scout Cavalry |
| 31:22 | Create | Scout Cavalry |
| 31:52 | Create | Villager (Male) ×5 |
| 31:59 | Create | Villager (Male) ×2 |
| 32:50 | Create | Villager (Male) ×5 |
| 33:11 | Create | Villager (Male) ×5 |
| 35:34 | Build | Farm |
Build order — aleximatiass5
First 150 of 221 actions detected
| 0:08 | Build | House |
| 0:09 | Build | House |
| 0:12 | Create | Villager (Male) |
| 0:12 | Create | Villager (Male) |
| 0:12 | Create | Villager (Male) |
| 0:13 | Create | Villager (Male) |
| 0:13 | Create | Villager (Male) |
| 1:07 | Build | House |
| 1:08 | Build | House |
| 1:32 | Create | Villager (Male) |
| 2:21 | Build | Mill |
| 2:23 | Create | Villager (Male) |
| 2:45 | Create | Villager (Male) |
| 2:55 | Create | Villager (Male) |
| 3:30 | Create | Villager (Male) |
| 3:42 | Create | Villager (Male) |
| 4:03 | Create | Villager (Male) |
| 4:33 | Create | Villager (Male) |
| 4:34 | Create | Villager (Male) |
| 5:01 | Research | Loom |
| 5:07 | Create | Villager (Male) |
| 5:53 | Create | Villager (Male) |
| 6:06 | Research | Horse Collar |
| 6:15 | Build | Lumber Camp |
| 6:24 | Create | Villager (Male) |
| 6:42 | Create | Villager (Male) |
| 6:58 | Build | Farm |
| 7:01 | Create | Villager (Male) |
| 7:11 | Build | Farm |
| 7:16 | Create | Villager (Male) |
| 7:32 | Build | Farm |
| 7:44 | Build | House |
| 7:45 | Build | House |
| 7:53 | Research | Double-Bit Axe |
| 8:05 | Create | Villager (Male) |
| 8:29 | Build | Farm |
| 8:31 | Create | Villager (Male) |
| 8:46 | Build | House |
| 8:48 | Build | House |
| 8:50 | Build | House |
| 8:52 | Build | House |
| 9:01 | Create | Villager (Male) |
| 9:12 | Build | Farm |
| 9:15 | Create | Villager (Male) |
| 9:27 | Create | Villager (Male) |
| 9:52 | Build | Farm |
| 9:58 | Build | Farm |
| 10:01 | Create | Villager (Male) |
| 10:05 | Build | Farm |
| 10:13 | Create | Villager (Male) |
| 10:29 | Build | Mining Camp |
| 10:31 | Create | Villager (Male) |
| 10:49 | Build | House |
| 10:50 | Build | House |
| 10:52 | Build | House |
| 10:54 | Build | House |
| 10:56 | Build | Farm |
| 11:02 | Create | Villager (Male) |
| 11:04 | Create | Villager (Male) |
| 11:18 | Build | Farm |
| 11:38 | Build | Farm |
| 11:49 | Research | Gold Mining |
| 11:51 | Research | Stone Mining |
| 11:53 | Create | Villager (Male) |
| 12:01 | Build | Farm |
| 12:14 | Create | Villager (Male) |
| 12:14 | Create | Villager (Male) |
| 12:26 | Build | Farm |
| 12:30 | Create | Villager (Male) |
| 12:47 | Create | Villager (Male) |
| 12:58 | Build | Farm |
| 13:06 | Build | Mining Camp |
| 13:13 | Create | Villager (Male) |
| 13:14 | Create | Villager (Male) |
| 13:14 | Create | Villager (Male) |
| 13:23 | Build | Mining Camp |
| 13:35 | Research | Wheelbarrow |
| 14:20 | Build | Barracks |
| 14:25 | Build | Mining Camp |
| 14:33 | Build | Lumber Camp |
| 14:35 | Build | Lumber Camp |
| 15:16 | Research | Feudal Age |
| 18:43 | Age | Feudal Age |
| 18:45 | Research | Hand Cart |
| 18:47 | Research | Heavy Plow |
| 18:50 | Research | Bow Saw |
| 18:51 | Research | Stone Shaft Mining |
| 19:05 | Build | Blacksmith |
| 20:33 | Build | Archery Range |
| 21:32 | Build | Archery Range |
| 21:50 | Research | Castle Age |
| 24:30 | Age | Castle Age |
| 24:35 | Build | Town Center |
| 24:39 | Build | Town Center |
| 24:41 | Create | Villager (Male) |
| 24:41 | Create | Villager (Male) |
| 24:42 | Create | Villager (Male) |
| 24:42 | Create | Villager (Male) |
| 24:42 | Create | Villager (Male) |
| 25:33 | Build | Castle |
| 25:44 | Create | Villager (Male) |
| 25:45 | Create | Villager (Male) |
| 26:22 | Create | Villager (Male) |
| 26:23 | Create | Villager (Male) |
| 26:23 | Create | Villager (Male) |
| 26:41 | Create | Villager (Male) |
| 26:41 | Create | Villager (Male) |
| 27:01 | Build | Farm |
| 27:13 | Create | Villager (Male) |
| 27:13 | Create | Villager (Male) |
| 27:13 | Create | Villager (Male) |
| 27:14 | Create | Villager (Male) |
| 27:30 | Create | Villager (Male) |
| 28:03 | Create | Villager (Male) |
| 28:03 | Create | Villager (Male) |
| 28:04 | Create | Villager (Male) |
| 28:04 | Create | Villager (Male) |
| 28:04 | Create | Villager (Male) |
| 28:34 | Create | Villager (Male) |
| 28:37 | Create | Villager (Male) |
| 28:48 | Build | Market |
| 28:52 | Create | Villager (Male) |
| 28:52 | Create | Villager (Male) |
| 28:53 | Create | Villager (Male) |
| 28:53 | Create | Villager (Male) |
| 29:02 | Create | Villager (Male) |
| 29:09 | Build | Lumber Camp |
| 29:19 | Create | Villager (Male) |
| 29:20 | Create | Villager (Male) |
| 29:27 | Build | Farm |
| 29:34 | Build | Farm |
| 29:37 | Build | Farm |
| 29:43 | Build | Farm |
| 29:47 | Create | Villager (Male) |
| 29:47 | Create | Villager (Male) |
| 29:49 | Create | Villager (Male) |
| 30:13 | Build | Farm |
| 30:25 | Build | Farm |
| 30:28 | Build | Farm |
| 30:35 | Create | Villager (Male) |
| 30:35 | Create | Villager (Male) |
| 30:35 | Create | Villager (Male) |
| 30:35 | Create | Villager (Male) |
| 30:36 | Create | Villager (Male) |
| 30:36 | Create | Villager (Male) |
| 30:45 | Build | Farm |
| 30:48 | Build | Farm |
| 30:51 | Create | Villager (Male) |
| 30:51 | Create | Villager (Male) |
| 30:51 | Create | Villager (Male) |
Build order — brhm06
First 150 of 202 actions detected
| 0:09 | Create | Villager (Male) |
| 0:10 | Create | Villager (Male) |
| 0:10 | Create | Villager (Male) |
| 0:10 | Create | Villager (Male) |
| 0:10 | Create | Villager (Male) |
| 0:11 | Create | Villager (Male) |
| 0:15 | Build | House |
| 0:17 | Build | House |
| 1:45 | Create | Villager (Male) |
| 1:46 | Create | Villager (Male) |
| 2:12 | Build | Mill |
| 2:49 | Create | Villager (Male) |
| 2:49 | Create | Villager (Male) |
| 2:50 | Create | Villager (Male) |
| 2:50 | Create | Villager (Male) |
| 4:14 | Create | Villager (Male) |
| 4:14 | Create | Villager (Male) |
| 4:14 | Create | Villager (Male) |
| 4:14 | Create | Villager (Male) |
| 4:15 | Create | Villager (Male) |
| 4:35 | Build | House |
| 4:37 | Build | House |
| 5:33 | Create | Villager (Male) |
| 5:34 | Create | Villager (Male) |
| 5:34 | Create | Villager (Male) |
| 7:10 | Create | Villager (Male) |
| 7:10 | Create | Villager (Male) |
| 7:10 | Create | Villager (Male) |
| 7:12 | Research | Loom |
| 7:36 | Build | Mill |
| 7:52 | Build | Lumber Camp |
| 8:02 | Create | Villager (Male) |
| 8:03 | Research | Loom |
| 9:04 | Research | Feudal Age |
| 9:08 | Build | House |
| 9:53 | Build | Mining Camp |
| 10:36 | Create | Villager (Male) |
| 10:36 | Create | Villager (Male) |
| 10:37 | Create | Villager (Male) |
| 10:37 | Create | Villager (Male) |
| 10:37 | Create | Villager (Male) |
| 10:37 | Create | Villager (Male) |
| 10:38 | Create | Villager (Male) |
| 10:38 | Create | Villager (Male) |
| 10:38 | Create | Villager (Male) |
| 11:25 | Age | Feudal Age |
| 11:26 | Research | Double-Bit Axe |
| 12:06 | Build | Stone Wall |
| 12:13 | Build | Gate |
| 12:35 | Build | Market |
| 12:39 | Build | Blacksmith |
| 12:58 | Create | Villager (Male) |
| 12:58 | Create | Villager (Male) |
| 12:59 | Research | Town Watch |
| 13:43 | Build | Barracks |
| 13:50 | Build | House |
| 14:16 | Build | Stone Wall |
| 14:27 | Build | Gate |
| 14:45 | Build | Mining Camp |
| 15:00 | Build | Stable |
| 15:10 | Build | Archery Range |
| 15:28 | Build | House |
| 15:30 | Build | House |
| 15:31 | Build | House |
| 15:33 | Build | House |
| 15:49 | Research | Horse Collar |
| 16:04 | Create | Spearman |
| 16:04 | Create | Spearman |
| 16:04 | Create | Spearman |
| 16:05 | Create | Spearman |
| 16:06 | Create | Spearman |
| 16:56 | Build | Farm |
| 16:56 | Build | Farm |
| 16:57 | Build | Farm |
| 16:58 | Build | Farm |
| 17:32 | Build | Stone Wall |
| 18:20 | Build | House |
| 18:21 | Build | House |
| 18:23 | Build | House |
| 18:25 | Build | House |
| 18:27 | Build | House |
| 18:41 | Build | Farm |
| 18:41 | Build | Farm |
| 18:42 | Build | Farm |
| 18:48 | Build | Farm |
| 19:19 | Create | Trade Cart |
| 19:20 | Create | Trade Cart |
| 19:20 | Create | Trade Cart |
| 19:20 | Create | Trade Cart |
| 19:20 | Create | Trade Cart |
| 19:21 | Create | Trade Cart |
| 20:01 | Build | Stone Wall |
| 20:06 | Build | Gate |
| 20:44 | Research | Stone Mining |
| 20:47 | Research | Castle Age |
| 23:27 | Age | Castle Age |
| 23:33 | Build | House |
| 23:35 | Build | House |
| 23:58 | Research | Wheelbarrow |
| 23:58 | Create | Villager (Male) |
| 23:59 | Create | Villager (Male) |
| 24:00 | Create | Villager (Male) |
| 24:01 | Create | Villager (Male) |
| 24:19 | Build | Town Center |
| 24:32 | Research | Stone Shaft Mining |
| 24:55 | Research | Bow Saw |
| 25:12 | Build | Mining Camp |
| 25:17 | Create | Villager (Male) |
| 25:17 | Create | Villager (Male) |
| 25:17 | Create | Villager (Male) |
| 25:50 | Build | Stone Wall |
| 26:04 | Build | Monastery |
| 26:43 | Create | Monk |
| 26:44 | Create | Monk |
| 27:02 | Build | Castle |
| 27:16 | Research | Gold Mining |
| 27:20 | Create | Villager (Male) |
| 27:20 | Create | Villager (Male) |
| 27:20 | Create | Villager (Male) |
| 27:21 | Create | Villager (Male) |
| 27:21 | Create | Villager (Male) |
| 27:21 | Create | Villager (Male) |
| 27:36 | Build | Town Center |
| 27:48 | Create | Villager (Male) |
| 27:48 | Create | Villager (Male) |
| 27:48 | Create | Villager (Male) |
| 28:09 | Research | Fervor |
| 28:56 | Build | Mining Camp |
| 29:00 | Create | Villager (Male) |
| 29:00 | Create | Villager (Male) |
| 29:00 | Create | Villager (Male) |
| 29:00 | Create | Villager (Male) |
| 29:01 | Create | Villager (Male) |
| 29:28 | Build | Stone Wall |
| 29:43 | Create | Monk |
| 30:26 | Create | Villager (Male) |
| 30:26 | Create | Villager (Male) |
| 30:26 | Create | Villager (Male) |
| 30:26 | Create | Villager (Male) |
| 30:27 | Create | Villager (Male) |
| 30:27 | Create | Villager (Male) |
| 30:28 | Create | Mangudai |
| 30:28 | Create | Mangudai |
| 30:29 | Create | Mangudai |
| 30:29 | Create | Mangudai |
| 30:29 | Create | Mangudai |
| 30:30 | Create | Mangudai |
| 30:30 | Create | Mangudai |
| 30:30 | Create | Mangudai |
| 30:30 | Create | Mangudai |
Match timeline
| 8:06 | Tahmaras0 · first_building Barracks |
| 9:59 | Tahmaras0 · age_up feudal |
| 10:07 | Tahmaras0 · first_building Stable |
| 10:19 | Tahmaras0 · wall_segment Palisade Wall x5 |
| 10:26 | Tahmaras0 · wall_segment Palisade Wall x9 |
| 11:23 | Tahmaras0 · wall_segment Palisade Wall x1 |
| 11:24 | lermizade1461 · age_up feudal |
| 11:25 | brhm06 · age_up feudal |
| 11:26 | Tahmaras0 · wall_segment Palisade Wall x1 |
| 11:31 | Tahmaras0 · wall_segment Palisade Wall x41 |
| 12:06 | brhm06 · wall_segment Stone Wall x22 |
| 12:30 | lermizade1461 · wall_segment Palisade Wall x26 |
| 12:53 | lermizade1461 · wall_segment Palisade Wall x6 |
| 12:57 | lermizade1461 · wall_segment Palisade Wall x6 |
| 13:43 | brhm06 · first_building Barracks |
| 14:16 | brhm06 · wall_segment Stone Wall x13 |
| 14:20 | aleximatiass5 · first_building Barracks |
| 15:00 | brhm06 · first_building Stable |
| 15:10 | brhm06 · first_building Archery Range |
| 15:16 | lermizade1461 · wall_segment Palisade Wall x11 |
| 16:50 | lermizade1461 · wall_segment Palisade Wall x22 |
| 17:32 | brhm06 · wall_segment Stone Wall x15 |
| 18:32 | lermizade1461 · wall_segment Palisade Wall x3 |
| 18:43 | aleximatiass5 · age_up feudal |
| 19:25 | lermizade1461 · first_building Barracks |
| 20:01 | brhm06 · wall_segment Stone Wall x11 |
| 20:33 | aleximatiass5 · first_building Archery Range |
| 20:56 | lermizade1461 · first_building Archery Range |
| 21:30 | Tahmaras0 · first_market_sell 100 wood |
| 21:33 | Tahmaras0 · first_market_buy 100 food |
| 23:27 | brhm06 · age_up castle |
| 24:30 | aleximatiass5 · age_up castle |
| 24:50 | lermizade1461 · age_up castle |
| 24:51 | Tahmaras0 · age_up castle |
| 25:33 | aleximatiass5 · first_building Castle |
| 25:50 | brhm06 · wall_segment Stone Wall x20 |
| 26:04 | brhm06 · first_building Monastery |
| 27:02 | brhm06 · first_building Castle |
| 27:50 | Tahmaras0 · first_building Siege Workshop |
| 29:16 | lermizade1461 · wall_segment Palisade Wall x1 |
| 29:28 | brhm06 · wall_segment Stone Wall x8 |
| 30:39 | lermizade1461 · first_building Monastery |
| 31:42 | brhm06 · first_market_buy 100 food |
| 32:59 | brhm06 · wall_segment Stone Wall x15 |
| 36:54 | aleximatiass5 · resign |
[ AI ANALYSIS · 1 CREDIT ]
What really happened in this match?
Wolo.gg analyzes every decision: build order, eco, micro, common mistakes by bracket. Personalized analysis on WhatsApp or Discord in 30 seconds.
Civ guide
Britons
Map guide
Arabia
Perfil
Jugador #21530749